 Dungeon Crawl Stone Soup version 0.32-a0-913-g739538afd8 (webtiles) character file.

Game seed: 4026792169169781711

595 snetch the Trooper (level 7, 0/91 HPs)
             Began as a Minotaur Berserker on Apr 9, 2024.
             Was a Priest of Trog.
             Incinerated by a bombardier beetle (2 damage)
             ... with a burning spray
             ... on level 5 of the Dungeon.
             The game lasted 00:08:15 (3283 turns).

snetch the Trooper (Minotaur Berserker)             Turns: 3283, Time: 00:08:15

Health: 0/91       AC:  6    Str: 23    XL:     7   Next: 16%
Magic:  0/15       EV: 11    Int:  4    God:    Trog [***...]
Gold:   170        SH:  0    Dex: 10    Spells: 6/6 levels left

rFire   . . .        s - +0 whip (drain)
rCold   . . .        (no shield)
rNeg    . . .        t - +0 ring mail
rPois   +            (helmet restricted)
rElec   .            (no cloak)
rCorr   .            (no gloves)
SInv    .            (no boots)
Will    ++...        k - amulet of guardian spirit Stlth
                     n - ring of poison resistance
HPRegen 1.35/turn    i - ring of magical power
MPRegen 0.14/turn

%: guardian spirit
@: berserking, on fire, strong-willed, regenerating, glowing, very quick
A: horns 2, retaliatory headbutt
a: Renounce Religion, Berserk, Trog's Hand


You were on level 5 of the Dungeon.
You worshipped Trog.
Trog was most pleased with you.
You visited 2 branches of the dungeon, and saw 6 of its levels.

You collected 170 gold pieces.

Inventory:

Hand Weapons
 a - a +0 war axe
 f - a +0 flail
 s - a +0 whip of draining (weapon)
Missiles
 j - 2 javelins
 m - 3 poisoned darts (quivered)
 r - 17 stones
 y - a throwing net
 B - 3 boomerangs
Armour
 t - a +0 ring mail (worn)
Jewellery
 i - a ring of magical power (right hand)
 k - an amulet of guardian spirit (around neck)
 n - a ring of poison resistance (left hand)
Scrolls
 b - a scroll of identify {unknown}
 c - 2 scrolls of vulnerability {unknown}
 d - a scroll of teleportation {unknown}
 e - a scroll of revelation {unknown}
 l - a scroll of fear {unknown}
 o - a scroll of amnesia {unknown}
 q - 3 scrolls of enchant armour {unknown}
 u - a scroll of noise {unknown}
 v - a scroll of immolation {unknown}
 A - 2 scrolls of poison {unknown}
Potions
 g - a potion of lignification {unknown}
 h - 2 potions of brilliance {unknown}
 p - 3 potions of attraction {unknown}
 w - 2 potions of enlightenment {unknown}
 x - 4 potions of curing {unknown}
 z - a potion of mutation {unknown}


   Skills:
 + Level 5.4 Fighting
 + Level 4.3(5.3) Axes
 + Level 4.8(5.6) Maces & Flails
 + Level 1.0 Throwing
 + Level 4.4 Armour
 + Level 4.2 Dodging
 + Level 1.1 Stealth


You had 6 spell levels left.
You didn't know any spells.
Your spell library contained the following spells:

 Spells                   Type           Power      Damage    Failure   Level
 Sandblast                Erth           0%         2d4       65%         1
 Sting                    Conj/Alch      0%         1d3       65%         1
 Mercury Vapours          Alch/Air       0%         N/A       78%         2
 Fugue of the Fallen      Necr           0%         N/A       95%         3
 Ozocubu's Armour         Ice            0%         N/A       95%         3
 Stone Arrow              Conj/Erth      0%         3d7       95%         3
 Volatile Blastmotes      Fire/Tloc      0%         2d10      95%         3
 Brom's Barrelling Bould  Conj/Erth      0%         2d3       100%        4
 Fulminant Prism          Conj/Alch      0%         3d5       100%        4
 Iskenderun's Mystic Bla Conj/Tloc 0%             2d3        (+2d1     100%        4
 Olgreb's Toxic Radiance  Alch           0%         N/A       100%        4
 Vhi's Electric Charge    Tloc/Air       0%         N/A       100%        4
 Arcjolt                  Conj/Air       0%         1d10      100%        5
 Plasma Beam              Fire/Air       0%         2x1d10    100%        6
 Manifold Assault         Tloc           0%         N/A       100%        7


Dungeon Overview and Level Annotations

Branches:
Dungeon (5/15)             Temple (1/1) D:4

Altars:
Cheibriados
Dithmenos
Fedhas
Gozag
Hepliaklqana
Kikubaaqudgha
Makhleb
Nemelex Xobeh
Okawaru
Ru
Sif Muna
Trog
Uskayaw
Vehumet
Wu Jian
Xom
Yredelemnul
Zin
The Shining One

Shops:
D:5 :


Innate Abilities, Weirdness & Mutations

You have a pair of horns on your head.
You reflexively headbutt those who attack you in melee.


Message History

Beogh smites you!
* * * LOW HITPOINT WARNING * * *
Something hits you but does no damage.
You hit the bombardier beetle but do no damage.
You drain the bombardier beetle.
The bombardier beetle is moderately wounded.
The liquid fire burns you!
* * * LOW HITPOINT WARNING * * *
You barely miss the bombardier beetle.
The bombardier beetle is moderately wounded.
The liquid fire burns you!
* * * LOW HITPOINT WARNING * * *
The bombardier beetle closely misses you.
You furiously retaliate!
You headbutt the bombardier beetle! Something hits you.
* * * LOW HITPOINT WARNING * * *
You hit the bombardier beetle. You drain the bombardier beetle.
You kill the bombardier beetle!
Trog accepts your kill. The liquid fire burns you!
* * * LOW HITPOINT WARNING * * *
Unknown command.
You shake off some of the fire as you move.
The liquid fire burns you!
* * * LOW HITPOINT WARNING * * *
Something hits you.
* * * LOW HITPOINT WARNING * * *
The orc barely misses you.
Unknown command.
You closely miss the orc wizard. The liquid fire burns you!
* * * LOW HITPOINT WARNING * * *
The orc wizard hits you with a +0 dagger.
* * * LOW HITPOINT WARNING * * *
Something hits you.
* * * LOW HITPOINT WARNING * * *
You hit the orc wizard.
The orc wizard is moderately wounded.
The liquid fire burns you!
You die...

#.###.# #...#####
#....... #........
#.###... ###.########
#.......######..........#
### #...........##...##.#
#........##.##...#
#........'..##...#
#.....{†.##.##...#
#....o@..##.##...#
......o.o....##...#
.............###∩##
..........##.# ###
.(........##..#
.......#.## ....
.......#.# .. .......#.#


You could see an orc priest, an orc wizard and an orc.

Vanquished Creatures
  Sigmund (D:2)
  An ogre (D:3)
  A scorpion (D:4)
  A bombardier beetle (D:5)
  A jelly (D:5)
  An iguana (D:4)
  Natasha (thrice) (D:4)
  A gnoll (D:1)
  3 adders
  2 dart slugs
  5 ribbon worms
  9 orcs
  8 endoplasms
  A giant cockroach (D:2)
  6 goblins
  13 hobgoblins
  7 jackals
  2 quokkas
  7 ball pythons
  3 bats (D:1)
  4 frilled lizards
  6 kobolds
  6 rats
92 creatures vanquished.

Notes
Turn   | Place    | Note
-------+----------+-------------------------------------------
     0 | D:1      | snetch the Minotaur Berserker began the quest for the Orb.
     0 | D:1      | Reached XP level 1. HP: 19/19 MP: 0/0
   216 | D:1      | Reached XP level 2. HP: 21/27 MP: 1/1
   221 | D:1      | Reached skill level 4 in Fighting
   352 | D:1      | Reached XP level 3. HP: 29/33 MP: 2/2
   980 | D:2      | Reached ** piety under Trog
  1370 | D:2      | Reached skill level 1 in Maces & Flails
  1597 | D:2      | Reached XP level 4. HP: 40/41 MP: 3/3
  1773 | D:2      | Noticed Sigmund
  1785 | D:2      | Killed Sigmund
  1786 | D:2      | Reached skill level 1 in Stealth
  1786 | D:2      | Reached XP level 5. HP: 44/47 MP: 4/4
  1916 | D:3      | Noticed an ogre
  1925 | D:3      | Killed an ogre
  1926 | D:3      | Reached skill level 5 in Fighting
  1926 | D:3      | Reached XP level 6. HP: 40/56 MP: 5/5
  2473 | D:4      | Found a staircase to the Ecumenical Temple.
  2493 | Temple   | Entered the Ecumenical Temple
  2527 | D:4      | Found a radiant altar of Vehumet.
  2527 | D:4      | Noticed Natasha
  2533 | D:4      | Killed Natasha
  2544 | D:5      | Entered Level 5 of the Dungeon
  2546 | D:5      | Reached *** piety under Trog
  2761 | D:4      | Noticed Natasha
  2767 | D:4      | Killed Natasha
  2768 | D:4      | Reached XP level 7. HP: 60/61 MP: 6/6
  3062 | D:4      | Found a shimmering altar of Xom.
  3062 | D:4      | Found a snail-covered altar of Cheibriados.
  3069 | D:4      | Found an ancient bone altar of Kikubaaqudgha.
  3072 | D:4      | Found a shimmering blue altar of Sif Muna.
  3074 | D:4      | Found an ornate altar of the Wu Jian Council.
  3218 | D:4      | Noticed Natasha
  3222 | D:4      | Killed Natasha
  3223 | D:4      | Reached skill level 1 in Throwing
  3231 | D:5      | Found Fucy's Tremendous Tomes.
  3282 | D:5      | HP: 3/91 [orc wizard/+0 dagger (3)]
  3283 | D:5      | Incinerated by a bombardier beetle

Illustrated notes

Levels and vault maps discovered:
D:1:      eino_arrival_water_star, layout_rooms, minmay_pentomino_z2
D:2:      minmay_razor_zed, layout_basic, hangedman_decor_points,
          eino_curves_03, uniq_sigmund
D:3:      layout_basic, hangedman_decor_opposing, dk_noncrumbling_3
D:4:      layout_loops_ring, chequers_temple_overflow_minitemple,
          kennysheep_little_box, minmay_temple_entry_tees, uniq_natasha
D:5:      layout_basic, reono_crystal_passage, nicolae_shop_i_like_big_books,
          minmay_manual_mail, uniq_menkaure, uniq_duvessa, uniq_pikel
Temple:   hellmonk_temple_forest_ring

Skill      XL: |  1  2  3  4  5  6  7 |
---------------+----------------------+-----
Axes           | 4 |  4.3
Fighting       | 4 5 |  5.4
Maces & Flails | 1 3 4 |  4.8
Armour         | 3 4 |  4.4
Dodging        | 3 4 |  4.2
Stealth        | 1 |  1.1
Throwing       | 1 |  1.0

Action                     |  1- 3 |  4- 6 |  7- 9 || total
---------------------------+-------+-------+-------++-------
  Melee: Hand axe          |    19 |       |       ||    19
         Headbutt          |    11 |     9 |     2 ||    22
         Flail             |    66 |       |       ||    66
         Whip              |    15 |    86 |    20 ||   121
  Throw: Dart              |       |     2 |       ||     2
 Invoke: Trog's Hand       |       |     1 |     1 ||     2
         Berserk           |       |       |     1 ||     1
   Stab: Sleeping          |     4 |       |       ||     4
 Armour: Animal skin       |    62 |       |       ||    62
         Ring mail         |     7 |    39 |     9 ||    55
  Dodge: Dodged            |    62 |    46 |    13 ||   121

Table legend: (Time is in decaauts)
 A = Elapsed time spent in this place.
 B = Non-inter-level travel time spent in this place.
 C = Inter-level travel time spent in this place.
 D = Time resting spent in this place.
 E = Time spent auto-exploring this place.
 F = Levels seen in this place.
 G = Mean time per level.
                   A        B        C        D        E       F      G
               +--------+--------+--------+--------+--------+-----+--------+
         Total |   3298 |   3020 |    278 |      0 |   1921 |   6 |  549.7 |
       Dungeon |   3285 |   3007 |    278 |      0 |   1921 |   5 |  657.0 |
        Temple |     13 |     13 |      0 |      0 |      0 |   1 |   13.0 |
               +--------+--------+--------+--------+--------+-----+--------+

Top non-repeatable levels by time:
     D:2: 1132 daAuts
     D:4: 784 daAuts
     D:1: 682 daAuts
     D:3: 623 daAuts
     D:5: 62 daAuts
  Temple: 13 daAuts
